Map: 2000 Atmospheres LE

Players

MaxPax - Winner!

  • Race: Protoss Protoss

ShaDoWn

  • Race: Protoss Protoss

Event: DreamHack SC2 Masters 2021 Winter

VOD

Have the link to the VOD?

Description

Time

  • Played on: Oct. 3, 2021, 1:23 p.m.
  • Length: 9:14

All games in this series

Show
View Real Time Build Order
Export as new Build Order

MaxPax Protoss - Winner!

Build Orders: Oracle Opening 

Get SALT Encoding   

  12  0:00  Probe  
  13  0:12  Probe  
  14  0:19  Pylon  
  14  0:24  Probe  
  15  0:37  Probe (Chrono Boost)  
  15  0:38  Gateway  
  16  0:46  Assimilator, Probe (Chrono Boost)  
  17  0:51  Probe (Chrono Boost)  
  18  1:03  Probe (Chrono Boost)  
  19  1:09  Assimilator  
  19  1:10  Pylon  
  19  1:15  Probe (Chrono Boost)  
  20  1:22  Probe (Chrono Boost)  
  21  1:27  Cybernetics Core  
  21  1:29  Probe  
  24  1:41  Probe  
  25  1:54  Probe  
  26  2:05  Adept (Chrono Boost)  
  26  2:11  Nexus  
  26  2:18  Stargate  
  26  2:22  Warp Gate  
  26  2:25  Probe  
  27  2:30  Pylon  
  27  2:37  Probe  
  27  2:39  Stalker  
  30  2:44  Pylon  
  30  2:51  Shield Battery  
  30  2:54  Probe  
  31  3:00  Oracle (Chrono Boost)  
  34  3:09  Shield Battery  
  34  3:11  Probe  
  35  3:24  Probe  
  35  3:25  Stalker  
  38  3:29  Probe  
  39  3:36  Probe  
  42  3:41  Probe (Chrono Boost)  
  40  3:49  Twilight Council  
  40  3:53  Gateway, Probe (Chrono Boost)  
  40  3:54  Probe (Chrono Boost)  
  41  4:01  Void Ray (Chrono Boost), Probe (Chrono Boost)  
  41  4:02  Probe (Chrono Boost)  
  47  4:10  Probe  
  47  4:12  Probe  
  49  4:22  Stalker, Probe  
  52  4:24  Probe  
  52  4:25  Pylon  
  52  4:28  Blink (Chrono Boost)  
  53  4:34  Probe  
  53  4:35  Assimilator  
  54  4:43  Probe, Forge  
  54  4:45  Gateway  
  55  4:50  Stalker  
  57  4:55  Probe  
  57  4:58  Stalker  
  60  5:03  Probe  
  60  5:06  Pylon  
  61  5:18  Photon Cannon  
  61  5:22  Protoss Ground Weapons Level 1 (Chrono Boost)  
  61  5:24  Stalker x2  
  61  5:27  Probe  
  66  5:32  Photon Cannon  
  65  5:42  Probe  
  65  5:51  Robotics Facility  
  65  5:53  Stalker x2  
  69  5:59  Nexus  
  69  6:01  Probe  
  69  6:04  Probe  
  69  6:09  Pylon  
  70  6:27  Photon Cannon, Probe x2  
  70  6:29  Stalker x3, Pylon  
  78  6:34  Gateway  
  78  6:36  Pylon  
  78  6:48  Observer (Chrono Boost), Probe  
  78  6:49  Probe  
  81  6:59  Shield Battery  
  81  7:00  Probe  
  81  7:01  Stalker x3, Probe  
  89  7:11  Warp Prism (Chrono Boost)  
  89  7:12  Probe  
  89  7:13  Probe  
  93  7:21  Probe  
  92  7:24  Probe  
  92  7:29  Stalker x4  
  97  7:30  Probe  
  97  7:34  Probe  
  99  7:37  Probe  
  99  7:40  Assimilator  
  99  7:41  Assimilator  
  99  7:42  Probe  
  99  7:43  Pylon  
  99  7:53  Stalker x2  
  103  8:02  Probe x2  
  105  8:06  Gateway  
  105  8:07  Gateway  
  103  8:14  Stalker x2  
  103  8:15  Observer (Chrono Boost)  
  103  8:17  Stalker x2  
  103  8:19  Probe  
  112  8:22  Probe  
  103  8:41  Stalker x4  
  103  8:42  Probe  
  103  8:46  Probe  
  113  8:49  Probe  
  114  8:59  Gateway  
  114  9:00  Gateway  
  110  9:03  Stalker x2, Pylon  
  110  9:04  Stalker  
  110  9:09  Pylon  
  106  9:11  Pylon  
Show
View Real Time Build Order
Export as new Build Order

ShaDoWn Protoss 

Build Orders: Blink Stalkers, Zealot Archon, Dark Templar Rush 

Get SALT Encoding   

  12  0:00  Probe  
  13  0:12  Probe  
  14  0:17  Pylon  
  14  0:24  Probe (Chrono Boost)  
  15  0:36  Probe (Chrono Boost)  
  15  0:37  Gateway  
  16  0:45  Probe (Chrono Boost)  
  16  0:46  Assimilator  
  17  0:51  Probe  
  17  0:54  Assimilator  
  18  1:03  Probe (Chrono Boost)  
  19  1:07  Gateway  
  19  1:15  Probe (Chrono Boost)  
  20  1:20  Probe (Chrono Boost)  
  20  1:25  Cybernetics Core  
  21  1:29  Probe  
  22  1:34  Pylon  
  22  1:41  Probe  
  23  1:53  Probe  
  24  2:01  Stalker  
  24  2:02  Stalker  
  24  2:03  Warp Gate  
  24  2:05  Probe  
  29  2:18  Probe  
  29  2:34  Probe  
  30  2:43  Nexus  
  30  2:46  Pylon  
  30  2:48  Probe  
  31  3:04  Twilight Council, Probe  
  32  3:12  Pylon  
  32  3:16  Probe  
  32  3:18  Pylon  
  33  3:23  Shield Battery  
  33  3:29  Probe  
  33  3:31  Robotics Facility  
  34  3:41  Probe (Chrono Boost)  
  34  3:44  Dark Shrine  
  34  3:47  Blink (Chrono Boost)  
  33  3:54  Probe (Chrono Boost)  
  34  3:59  Probe x2 (Chrono Boost)  
  36  4:08  Probe x2  
  38  4:20  Probe x2  
  38  4:22  Warp Prism (Chrono Boost)  
  40  4:29  Shield Battery  
  42  4:32  Probe  
  42  4:34  Probe  
  42  4:35  Sentry  
  46  4:40  Stalker  
  46  4:44  Probe  
  49  4:48  Probe  
  50  4:56  Probe  
  51  5:00  Probe  
  51  5:05  Nexus  
  52  5:08  Probe  
  52  5:13  Dark Templar x2  
  57  5:16  Probe  
  57  5:20  Probe  
  59  5:28  Probe, Pylon  
  59  5:32  Probe  
  61  5:41  Probe  
  61  5:42  Assimilator  
  62  5:44  Forge  
  62  5:46  Probe  
  62  5:49  Dark Templar x2  
  65  5:53  Probe  
  66  5:58  Probe  
  66  6:01  Charge (Chrono Boost)  
  65  6:05  Probe  
  65  6:07  Gateway  
  65  6:10  Probe, Shield Battery  
  68  6:11  Observer (Chrono Boost)  
  68  6:17  Probe  
  68  6:18  Probe  
  68  6:22  Probe  
  68  6:23  Stalker  
  71  6:28  Photon Cannon, Stalker  
  71  6:29  Probe  
  71  6:30  Probe  
  71  6:31  Photon Cannon  
  75  6:34  Probe  
  75  6:39  Pylon  
  76  6:40  Shield Battery  
  76  6:43  Stalker  
  78  6:49  Probe  
  78  6:52  Probe  
  80  6:55  Stalker  
  80  6:59  Archon  
  81  7:02  Photon Cannon  
  81  7:03  Stalker  
  81  7:04  Stalker, Shield Battery  
  81  7:05  Pylon  
  84  7:09  Assimilator x2  
  84  7:12  Gateway  
  84  7:13  Gateway  
  84  7:18  Stalker  
  77  7:28  Stalker x2  
  76  7:32  Probe  
  75  7:41  Probe  
  75  7:43  Stalker  
  75  7:44  Pylon  
  76  7:49  Stalker x2  
  80  7:56  Pylon  
  78  8:01  Dark Templar  
  78  8:04  Probe  
  79  8:07  Dark Templar  
  79  8:08  Zealot x3  
  79  8:10  Probe  
  85  8:14  Probe  
  84  8:24  Gateway  
  84  8:25  Gateway  
  83  8:29  Stalker x3  
  83  8:30  Shield Battery  
  83  8:32  Zealot  
  75  8:38  Probe  
  75  8:40  Zealot  
  69  8:45  Probe x2  
  69  8:48  Gateway  
  67  8:50  Probe, Shield Battery  
  67  8:54  Stalker x4  
  73  8:57  Probe  
  73  8:58  Probe  
  73  9:01  Stalker  

Tags
 
Add a new tag
Caveats
  • Supply blocks, unpowered buildings, or Contaminate may cause inaccurate times.
  • Supply counts are checked every 10 seconds.